 Dungeon Crawl Stone Soup version 0.30.2 (webtiles) character file.

Game seed: 1448721703801339682

43 Killerpretzel the Gusty (level 3, -2/14 HPs)
             Began as a Felid Air Elementalist on Feb 5, 2024.
             Shot with an arrow by a centaur (9 damage)
             ... on level 3 of the Dungeon.
             The game lasted 00:06:53 (2515 turns).

Killerpretzel the Gusty (Felid Air Elementalist)    Turns: 2515, Time: 00:06:54

Health: -2/14      AC:  5    Str:  4    XL:     3   Next: 37%
Magic:  6/7        EV: 17    Int: 18    God:
Gold:   113        SH:  0    Dex: 16    Spells: 4/7 levels left
                                        Lives:  0   Deaths: 0

rFire   . . .        (weapon unavailable)
rCold   . . .        (shield unavailable)
rNeg    . . .        (body armour unavailable)
rPois   .            (helmet unavailable)
rElec   .            (cloak unavailable)
rCorr   .            (gloves unavailable)
SInv    +            (boots unavailable)
Will    .....        (no amulet)
Stlth   ++           n - +4 ring of protection
HPRegen 0.22/turn    (no ring)
MPRegen 0.10/turn

%: no passive effects
@: quick
A: very small, claws 1, fangs 3, see invisible, speed 1, shaggy fur 1, stealthy
paws, no weapons or thrown items, no armour, multi-lived
a: no special abilities


You were on level 3 of the Dungeon.
You visited 1 branch of the dungeon, and saw 3 of its levels.

You collected 113 gold pieces.

Inventory:

Jewellery
 f - a ring of fire
 n - a +4 ring of protection (left paw)
Scrolls
 k - a scroll of teleportation
 l - a scroll of identify
 m - 3 scrolls of vulnerability {unknown}
 o - a scroll of poison {unknown}
Potions
 a - a potion of magic
 b - 2 potions of ambrosia
 c - a potion of attraction
 d - 5 potions of curing
 e - a potion of berserk rage
 g - 4 potions of invisibility {unknown}
 h - a potion of resistance {unknown}
 i - 2 potions of heal wounds {unknown}
 j - 2 potions of lignification {unknown}


   Skills:
 + Level 3.1 Dodging
 - Level 2.7 Stealth
 + Level 0.2 Unarmed Combat
 + Level 2.5 Spellcasting
 + Level 1.0 Conjurations
 * Level 3.4 Air Magic


You had 4 spell levels left.
You knew the following spells:

 Your Spells              Type           Power      Damage    Failure   Level
a - Shock                 Conj/Air       40%        1d5       7%          1
b - Static Discharge      Conj/Air       20%        2-3/arc   11%         2

Your spell library contained the following spells:

 Spells                   Type           Power      Damage    Failure   Level
 Swiftness                Air            14%        N/A       13%         3
 Foxfire                  Conj/Fire      16%        2x1d4     14%         1
 Airstrike                Air            7%         2d(1-17)  38%         4
 Fireball                 Conj/Fire      2%         3d4       98%         5
 Plasma Beam              Fire/Air       4%         2x1d15    100%        6
 Starburst                Conj/Fire      2%         6d3       100%        6


Dungeon Overview and Level Annotations

Branches:
Dungeon (3/15)

Altars:


Innate Abilities, Weirdness & Mutations

You have sharp claws.
You have razor-sharp teeth.
You have supernaturally acute eyesight. (SInv)
You cover ground quickly. (Speed+)
You are covered in fur. (AC +1)
Your paws help you pounce on unaware monsters.
You are incapable of wielding weapons or throwing items.
You cannot wear armour.
You gain extra lives every three experience levels.


Message History

Press: ? - help, Shift-Dir - straight line, f - adder
Aim: an adder (asleep, 100% to hit)
The zap hits the adder.
The adder is heavily wounded.
The adder hisses angrily.
Casting: Shock (safe; 7% risk of failure)
Confirm with . or Enter, or press ? or * to list all spells.
Aiming: Shock (safe; 7% risk of failure)
Press: ? - help, Shift-Dir - straight line, f/p - adder
Aim: an adder (heavily wounded, 48% to hit)
The zap hits the adder.
The adder is severely wounded.
Casting: Shock (safe; 7% risk of failure)
Confirm with . or Enter, or press ? or * to list all spells.
Aiming: Shock (safe; 7% risk of failure)
Press: ? - help, Shift-Dir - straight line, f/p - adder
Aim: an adder (severely wounded, 48% to hit)
The zap hits the adder.
You kill the adder!
Your Conjurations skill increases to level 1!
No target in view!
A centaur and a ball python come into view.
You see here a scroll of identify.
Casting: Shock (safe; 7% risk of failure)
Confirm with . or Enter, or press ? or * to list all spells.
Aiming: Shock (safe; 7% risk of failure)
Press: ? - help, Shift-Dir - straight line, f - centaur
Aim: a centaur (asleep, 100% to hit)
The zap hits the centaur.
The centaur is lightly wounded.
The centaur shouts!
The centaur wields a +0 shortbow.
The centaur shoots an arrow.
The arrow completely misses you.
The centaur shoots an arrow.
The arrow barely misses you.
The centaur shoots an arrow.
The arrow hits you!
Ouch! That really hurt!
There is an escape hatch in the ceiling here.
The centaur shoots an arrow.
The arrow hits you!
Ouch! That really hurt!
You die...

.. ###. ##.##.#......#
..........#..### ...
#.............. ....
#....###.#...##
....#######+###..............
#............................
#....c......@........).......
...............#.............
#.#.S#....#.#..#...#.........
#...>..?.....................
#.#.........#................
.............................
#.######################.####
# ♣.♣ ..♣


You could see a centaur.

Vanquished Creatures
  An adder (D:3)
  A dart slug (D:1)
  5 ball pythons
  2 endoplasms (D:1)
  7 goblins
  4 hobgoblins
  2 jackals (D:1)
  3 bats
  A frilled lizard (D:2)
  2 kobolds
  2 rats
30 creatures vanquished.

Notes
Turn   | Place    | Note
-------+----------+-------------------------------------------
     0 | D:1      | Killerpretzel the Felid Air Elementalist began the quest
                  | for the Orb.
     0 | D:1      | Reached XP level 1. HP: 7/7 MP: 4/4
   334 | D:1      | Reached XP level 2. HP: 11/11 MP: 1/6
   337 | D:1      | Learned a level 2 spell: Static Discharge
  1359 | D:2      | Reached XP level 3. HP: 14/14 MP: 5/7
  2197 | D:3      | Found a faded altar of an unknown god.
  2477 | D:3      | Reached skill level 1 in Conjurations
  2508 | D:3      | Noticed a centaur
  2515 | D:3      | Shot with an arrow by a centaur

Illustrated notes

Levels and vault maps discovered:
D:1:      lightli_arrival_boilingwater, layout_basic
D:2:      layout_basic, serial_curves, eino_curves_02, eino_curves_01,
          eino_curves_04
D:3:      kb_forest_paths, layout_basic, minitemple,
          hellmonk_ecumenical_altar_run_dry, eino_curves_03,
          chequers_serial_rivers_room_a, hangedman_abyss_or_decor_lesser_grid

Skill      XL: |  1  2  3 |
---------------+----------+-----
Dodging        | 3 |  3.1
Air Magic      | 3 |  3.4
Conjurations   | 1 |  1.0
Stealth        | |  2.7
Unarmed Combat | |  0.2
Spellcasting   | |  2.5

Action                     || total
---------------------------++-------
  Melee: Unarmed           ||     3
         Bite              ||     1
   Cast: Shock             ||    56
         Static Discharge  ||     4
    Use: Scroll            ||     8
  Dodge: Dodged            ||     6
